 Dungeon Crawl Stone Soup version 0.23.1 (webtiles) character file.

Game seed: 9190370611480867277

91 PentaManta the Skirmisher (level 4, -5/41 HPs)
             Began as a Ghoul Monk on Mar 12, 2019.
             Slain by an orc priest
             ... wielding a +0 war axe
              (9 damage)
             ... on level 3 of the Dungeon.
             The game lasted 00:10:55 (1732 turns).

PentaManta the Skirmisher (Ghoul Monk)              Turns: 1732, Time: 00:10:56

Health: -5/41      AC:  2    Str: 15    XL:     4   Next: 59%
Magic:  3/3        EV: 12    Int:  5    God:
Gold:   98         SH:  0    Dex: 11    Spells: 3/3 levels left

rFire    . . .     SeeInvis .     - Unarmed
rCold    + . .     Gourm    .   (no shield)
rNeg     + + +     Faith    .   a - +0 robe
rPois    ∞         Spirit   .   (no helmet)
rElec    .         Reflect  .   (no cloak)
rCorr    .         Harm     .   (no gloves)
MR       .....                  (no boots)
Stlth    ++........             (no amulet)
HPRegen  0.00/turn              (no ring)
MPRegen  0.08/turn              (no ring)

@: rotting
A: rotting body, claws 1, carnivore, cold resistance 1, negative energy
resistance 3, inhibited regeneration, torment resistance, unbreathing
a: no special abilities


You were on level 3 of the Dungeon.
You were not hungry.

You visited 1 branch of the dungeon, and saw 3 of its levels.

You collected 98 gold pieces.

Inventory:

Hand Weapons
 c - a +0 hunting sling
Missiles
 e - 51 stones (quivered)
Armour
 a - a +0 robe (worn)
Jewellery
 g - an uncursed ring of ice
Scrolls
 h - 2 scrolls of remove curse
 k - a scroll of teleportation
Potions
 d - a potion of might
 i - a potion of curing
 m - a potion of brilliance {unknown}
Comestibles
 b - 9 rations


   Skills:
 + Level 4.6 Fighting
 - Level 2.6 Dodging
 - Level 2.1 Stealth
 + Level 4.6 Unarmed Combat


You had 3 spell levels left.
You didn't know any spells.
Your spell library contained the following spells:

 Spells                   Type           Power        Failure   Level  Hunger
 Confusing Touch          Hex            #.....       47%         1    ##.....
 Confuse                  Hex            #.......     85%         3    ####...
 Gell's Gravitas          Tloc           #.........   85%         3    ####...
 Petrify                  Tmut/Erth      #.......     99%         4    #####..
 Metabolic Englaciation   Hex/Ice        #.........   100%        5    ######.
 Yara's Violent Unravell  Hex/Tmut       #.........   100%        5    ######.


Dungeon Overview and Level Annotations

Branches:
Dungeon (3/15)

Altars:

Annotations:
D:3 2 transporters


Innate Abilities, Weirdness & Mutations

Your body is rotting away.
You thrive on raw meat.
You are immune to poison.
You have sharp fingernails.
You are carnivorous and can eat meat at any time.
Your flesh is cold resistant. (rC+)
You are immune to negative energy. (rN+++)
You do not regenerate when monsters are visible.
You are immune to unholy pain and torment.
You can survive without breathing.


Message History

* * * LOW HITPOINT WARNING * * *
You completely miss the orc priest.
The orc wizard mumbles some strange words.
The orc wizard blinks!
The orc priest barely misses you.
You closely miss the orc priest. The orc priest misses you.
You scratch the orc priest.
The orc priest is moderately wounded.
You scratch the orc priest but do no damage.
The orc priest is moderately wounded.
The orc priest closely misses you.
You claw the orc priest!
The orc priest is severely wounded.
The orc priest hits you with a +0 war axe.
* * * LOW HITPOINT WARNING * * *
You barely miss the orc priest.
The orc priest is severely wounded.
The orc wizard gestures wildly while chanting.
The orc wizard blinks!
The orc priest hits you with a +0 war axe!
You die...

.........# ..(..#
#######+## .....# ### #.#
....##### ..# #.#
........o #.# #.#
#........
#.#####.##########........
...........(....o§.(......
#.#####.########o#........
#.## #.# ####@#########
#..# #.# #......#
##.####.# #......#
##......# #......#
##......# #......#
##......# ####+###
##......# ##......#
###..##.#


You could see an orc priest and an orc.

Vanquished Creatures
  Jessica (D:2)
  A gnoll (D:1)
  2 adders (D:2)
  A dart slug (D:1)
  An orc (D:3)
  A ball python (D:2)
  5 bats
  2 giant cockroaches (D:3)
  A hobgoblin (D:2)
  4 frilled lizards
  6 goblins
  6 kobolds
  8 rats
39 creatures vanquished.

Notes
Turn   | Place    | Note
-------+----------+-------------------------------------------
     0 | D:1      | PentaManta the Ghoul Monk began the quest for the Orb.
     0 | D:1      | Reached XP level 1. HP: 19/19 MP: 0/0
   167 | D:1      | Reached XP level 2. HP: 26/26 MP: 1/1
   283 | D:1      | Reached XP level 3. HP: 17/33 MP: 2/2
   710 | D:2      | Noticed Jessica
   716 | D:2      | Killed Jessica
   720 | D:2      | Reached XP level 4. HP: 35/41 MP: 3/3
  1284 | D:3      | Noticed a sky beast
  1640 | D:3      | Found a transporter.
  1661 | D:3      | Found a transporter.
  1732 | D:3      | Slain by an orc priest

Skill      XL: |  1  2  3 |
---------------+----------+-----
Unarmed Combat | 4 |  4.6
Fighting       | 4 |  4.6
Dodging        | |  2.6
Stealth        | |  2.1

Action                   |  1- 3 |  4- 6 || total
-------------------------+-------+-------++-------
Melee: Unarmed           |    53 |    46 ||    99
       Punch             |     2 |       ||     2
 Fire: Hunting sling     |       |     5 ||     5
  Use: Scroll            |       |     8 ||     8
 Stab: Sleeping          |     4 |     2 ||     6
  Eat: Chunk             |     2 |     4 ||     6
Armor: Robe              |    15 |     6 ||    21
Dodge: Dodged            |    27 |    22 ||    49
